 Dungeon Crawl Stone Soup version 0.31-a0-1576-ga3383bade6 (webtiles) character file.

Game seed: 4921523635048822359

2806 Flugslaktarn the Thaumaturge (level 9, 0/58 HPs)
             Began as an Octopode Alchemist on Jan 4, 2024.
             Was a Believer of Sif Muna.
             Slain by a kobold brigand
             ... wielding a +0 dagger of speed
              (7 damage)
             ... on level 8 of the Dungeon.
             The game lasted 00:07:23 (2097 turns).

Flugslaktarn the Thaumaturge (Octopode Alchemist)   Turns: 2097, Time: 00:07:24

Health: 0/58       AC:  1    Str:  7    XL:     9   Next: 72%
Magic:  14/21      EV: 13    Int: 20    God:    Sif Muna [**....]
Gold:   129        SH:  0    Dex: 14    Spells: 13/25 levels left

rFire   . . .        h - +1 short sword (freeze)
rCold   . . .        (no shield)
rNeg    . . .        (helmet restricted)
rPois   +            r - amulet of the acrobat
rElec   .            o - ring of poison resistance
rCorr   .            (no ring)
SInv    .            (no ring)
Will    .....        (no ring)
Stlth   +++          (no ring)
HPRegen 0.29/turn    (no ring)
MPRegen 0.17/turn    (no ring)
                     (no ring)

%: acrobat
@: studying Necromancy
A: almost no armour, amphibious, 8 rings, camouflage 1, gelatinous body 1,
(nimble swimmer 1), tentacles
a: Renounce Religion, Channel Magic


You were on level 8 of the Dungeon.
You worshipped Sif Muna.
Sif Muna was pleased with you.
You visited 1 branch of the dungeon, and saw 8 of its levels.

You collected 129 gold pieces.

Inventory:

Hand Weapons
 c - a +0 dagger
   (You took it off a goblin on level 1 of the Dungeon)
 h - a +1 short sword of freezing (weapon)
   (You took it off an orc on level 3 of the Dungeon)
Jewellery
 o - a ring of poison resistance (left tentacle)
   (You found it on level 1 of the Dungeon)
 r - an amulet of the acrobat (around mantle)
   (You found it on level 5 of the Dungeon)
 B - a +6 ring of dexterity
   (You found it on level 8 of the Dungeon)
Talismans
 u - a blade talisman
   (You found it on level 6 of the Dungeon)
 A - a maw talisman
   (You found it on level 7 of the Dungeon)
Wands
 v - a wand of flame (4)
   (You found it on level 6 of the Dungeon)
Scrolls
 b - a scroll of enchant armour {unknown}
 i - a scroll of silence {unknown}
 j - 4 scrolls of identify {unknown}
 k - a scroll of blinking {unknown}
 m - 2 scrolls of amnesia
 n - a scroll of vulnerability {unknown}
 p - a scroll of torment {unknown}
 s - a scroll of brand weapon {unknown}
 x - a scroll of enchant weapon {unknown}
 y - a scroll of teleportation {unknown}
Potions
 a - a potion of magic
 d - a potion of attraction {unknown}
 e - 3 potions of curing {unknown}
 f - a potion of heal wounds {unknown}
 g - a potion of enlightenment {unknown}
 l - a potion of cancellation {unknown}
 q - 2 potions of mutation {unknown}
 t - a potion of lignification {unknown}
 w - a potion of haste {unknown}
 z - 2 potions of degeneration {unknown}


   Skills:
 - Level 4.0 Fighting
 - Level 2.0 Dodging
 - Level 2.6 Stealth
 + Level 8.6 Spellcasting
 - Level 1.0 Conjurations
 - Level 4.0 Fire Magic
 + Level 2.3 Ice Magic
 - Level 8.0 Alchemy


You had 13 spell levels left.
You knew the following spells:

 Your Spells              Type           Power      Damage    Failure   Level
a - Sting                 Conj/Alch      100%       1d9       1%          1
b - Olgreb's Toxic Radia  Alch           40%        N/A       3%          4
c - Sticky Flame          Fire/Alch      32%        2d7       7%          4
d - Ozocubu's Armour      Ice            18%        N/A       9%          3

Your spell library contained the following spells:

 Spells                   Type           Power      Damage    Failure   Level
 Mercury Vapours          Alch/Air       48%        N/A       2%          2
 Shock                    Conj/Air       40%        1d5       6%          1
 Mephitic Cloud           Conj/Alch/Air  20%        N/A       7%          3
 Frozen Ramparts          Ice            36%        1d6       9%          3
 Call Imp                 Summ           16%        N/A       12%         2
 Sublimation of Blood     Necr           8%         N/A       12%         2
 Leda's Liquefaction      Alch/Erth      12%        N/A       16%         4
 Petrify                  Alch/Erth      24%        N/A       16%         4
 Fugue of the Fallen      Necr           8%         N/A       24%         3
 Swiftness                Air            8%         N/A       24%         3
 Airstrike                Air            4%         2d(1-17)  61%         4
 Manifold Assault         Tloc           8%         N/A       61%         4
 Metabolic Englaciation   Hex/Ice        6%         N/A       80%         5
 Summon Hydra             Summ           4%         N/A       100%        7


Dungeon Overview and Level Annotations

Branches:
Dungeon (8/15)             Temple (0/1) D:5            Lair (0/5) D:8

Altars:
Fedhas
Qazlal
Sif Muna

Annotations:
D:5 1 transporter


Innate Abilities, Weirdness & Mutations

You cannot wear most types of armour.
You are amphibious.
You can wear up to eight rings at the same time.
Your skin changes colour to match your surroundings (Stealth+).
Your rubbery body absorbs attacks. (AC +1, EV +1)
((You are camouflaged when in or above water. (Stealth+)))
You have tentacles for arms and can constrict up to eight enemies at once.


Message History

The water moccasin is heavily wounded.
You constrict the water moccasin.
The water moccasin burns!
The water moccasin bites you.
You are poisoned.
The water moccasin poisons you!
You hit the water moccasin. You freeze the water moccasin.
You squeeze the water moccasin.
The water moccasin is almost dead.
You constrict the water moccasin.
You kill the water moccasin!
Sif Muna accepts your kill.
You feel very sick.
Your Ice Magic skill increases to level 2!
You feel very sick.
You see here a water moccasin corpse.
You feel sick.
You feel sick.
Found a stone staircase leading down.
You feel sick.
You feel sick.
You feel sick.
You feel sick.
Found 2 glowing purple potions.
You feel sick.
You feel sick.
You are no longer poisoned.
There is a stone staircase leading down here.
You climb downwards.
You hear the roar of battle.
There is an entrance to a bailey on this level.
Hurry and find it before the portal closes forever!
There is a stone staircase leading up here.
A wyvern comes into view.
Found a staircase to the Lair.
There is a stone staircase leading up here.
Found 19 gold pieces and a large marble ring.
Found a stone staircase leading up.
A kobold brigand comes into view.
It is wielding a +0 dagger and quivering poisoned darts. 2 orc wizards and 2 orcs come into view.
The orc shouts!
You hear a shout!
You hear an angry hiss.
You hear a shout!
A kobold brigand comes into view.
It is wielding a +0 dagger of speed and quivering poisoned darts.
The orc wizard shouts!
There is a stone staircase leading up here.
You hear a shout! x3
A kobold comes into view. It is wielding a +0 dagger.
The kobold brigand throws a poisoned dart.
The poisoned dart misses you.
You see here a +6 ring of dexterity.
B - a +6 ring of dexterity The kobold brigand throws a poisoned dart.
The poisoned dart closely misses you.
There is a stone staircase leading up here.
Casting: Sticky Flame (dangerous; 7% risk of failure)
Confirm with . or Enter, or press ? or * to list all spells.
You begin to radiate toxic energy.
The kobold is poisoned.
The orc wizard is poisoned.
The orc is poisoned.
The orc wizard is poisoned.
The orc shouts!
The orc is poisoned.
You kill the kobold!
Sif Muna accepts your kill.
The orc wizard looks even sicker.
The orc wizard looks even sicker.
You kill the orc!
Sif Muna accepts your kill.
The orc wizard looks even sicker.
Casting: Olgreb's Toxic Radiance (dangerous; 3% risk of failure)
Confirm with . or Enter, or press ? or * to list all spells.
Your toxic radiance grows in intensity.
The kobold brigand is poisoned.
The orc wizard looks even sicker.
You kill the orc!
Sif Muna accepts your kill.
The kobold brigand looks even sicker.
The orc wizard looks as sick as possible!
You kill the orc wizard!
Sif Muna accepts your kill.
The orc wizard hits you with a +0 dagger.
The orc wizard looks as sick as possible!
The orc wizard gestures at you while chanting.
You easily resist.
There is a stone staircase leading up here.
The kobold brigand looks even sicker.
You kill the orc wizard!
Sif Muna accepts your kill.
Your toxic aura wanes.
A kobold comes into view. It is wielding a +0 short sword.
A kobold comes into view.
It is wielding a +0 short sword and quivering poisoned darts.
A black bear comes into view.
You closely miss the kobold brigand. Your grab misses the kobold brigand.
The kobold brigand is heavily wounded.
The kobold brigand hits you with a +0 dagger of speed. x2
* * * LOW HITPOINT WARNING * * *
You are too injured to fight recklessly!
You closely miss the kobold brigand. You grab the kobold brigand.
The kobold brigand is heavily wounded.
You constrict the kobold brigand, but do no damage.
The kobold brigand hits you with a +0 dagger of speed!
* * * LOW HITPOINT WARNING * * *
You hit the kobold brigand. You freeze the kobold brigand.
You squeeze the kobold brigand, but do no damage.
The kobold brigand is severely wounded.
You constrict the kobold brigand. The kobold brigand closely misses you.
The kobold brigand hits you with a +0 dagger of speed!
You die...

.........#
........ .#.##
..)....
.....##K....
.#.#....... ...
.......#K. ...##
#.....)#K#
.....##..))..#@#
......#......)<#
..............##
>k......#####.#
.......#####..#
#...<#.##
####...# #..##
#..#


You could see a kobold brigand (very poisoned) and 2 kobolds.

Vanquished Creatures
  A two-headed ogre (D:6)
  Pikel (D:5)
  2 water moccasins (D:7)
  2 ice beasts
  A sky beast (D:6)
  4 black bears (D:6)
  An ogre (D:4)
  2 lemures
  A centaur (D:7)
  A bullfrog (D:5)
  A scorpion (D:5)
  3 howler monkeys (D:7)
  3 bombardier beetles
  4 hounds
  A jelly (D:4)
  A sleepcap (D:4)
  3 iguanas (D:5)
  2 orc wizards (D:8)
  2 adders
  A white imp (D:6)
  3 ribbon worms
  3 dart slugs
  15 orcs
  4 bats
  2 endoplasms (D:1)
  9 goblins
  4 hobgoblins
  4 jackals
  A quokka (D:1)
  A frilled lizard (D:1)
  6 kobolds
  4 rats
93 creatures vanquished.

Notes
Turn   | Place    | Note
-------+----------+-------------------------------------------
     0 | D:1      | Flugslaktarn the Octopode Alchemist began the quest for the
                  | Orb.
     0 | D:1      | Reached XP level 1. HP: 11/11 MP: 3/3
    36 | D:1      | Reached XP level 2. HP: 11/17 MP: 3/5
   234 | D:2      | Reached XP level 3. HP: 21/21 MP: 4/6
   249 | D:3      | Found a shimmering blue altar of Sif Muna.
   262 | D:3      | Became a worshipper of Sif Muna the Loreminder
   379 | D:2      | Reached * piety under Sif Muna
   384 | D:2      | Reached XP level 4. HP: 9/27 MP: 5/8
   429 | D:3      | Found a faded altar of an unknown god.
   468 | D:3      | Reached skill level 5 in Alchemy
   547 | D:4      | Learned a level 4 spell: Olgreb's Toxic Radiance
   577 | D:4      | Reached XP level 5. HP: 26/31 MP: 6/9
   618 | D:4      | Noticed an ogre
   705 | D:4      | Killed an ogre
   706 | D:4      | Reached XP level 6. HP: 26/36 MP: 2/11
   755 | D:4      | Learned a level 4 spell: Sticky Flame
   925 | D:5      | Entered Level 5 of the Dungeon
  1027 | D:5      | Found a transporter.
  1064 | D:5      | Reached skill level 1 in Fire Magic
  1100 | D:5      | Noticed Pikel
  1123 | D:4      | Reached XP level 7. HP: 6/41 MP: 3/13
  1230 | D:5      | Found a staircase to the Ecumenical Temple.
  1267 | D:5      | Found a blossoming altar of Fedhas.
  1299 | D:5      | Killed Pikel
  1300 | D:5      | Reached XP level 8. HP: 46/46 MP: 6/15
  1365 | D:5      | Reached skill level 5 in Spellcasting
  1431 | D:6      | Reached skill level 1 in Fighting
  1488 | D:6      | Reached ** piety under Sif Muna
  1509 | D:6      | Noticed a two-headed ogre
  1603 | D:6      | Reached XP level 9. HP: 42/57 MP: 11/18
  1680 | D:6      | Killed a two-headed ogre
  1826 | D:7      | Found a stormy altar of Qazlal.
  1904 | D:7      | Learned a level 3 spell: Ozocubu's Armour
  1985 | D:7      | Reached skill level 1 in Ice Magic
  2070 | D:8      | Found a staircase to the Lair.
  2097 | D:8      | Slain by a kobold brigand

Illustrated notes

Levels and vault maps discovered:
D:1:      dpeg_arrival_simpleton_c, layout_rooms
D:2:      layout_basic
D:3:      layout_loops_ring, nicolae_gozag_seed_capital, old_standard_altar,
          shapermc_ecumenical_altar_pompeii, minmay_distorted,
          uniq_crazy_yiuf_cottage
D:4:      layout_loops_cross
D:5:      layout_cave_pools, fedhas_altar_2, minmay_temple_entry_sparse_star,
          gammafunk_ghost_hive, serial_bayou_pond_c, roderic_lattice_a,
          uniq_pikel
D:6:      layout_rooms, minmay_manual_macuahuitl
D:7:      layout_layer_cave, nicolae_qazlal_style_of_elements,
          mainiacjoe_overflow_six_doors_small, corexii_item_surrounded_by_moat
D:8:      layout_rooms, david_lair_generic, enter_bailey_8

Skill      XL: |  1  2  3  4  5  6  7  8  9 |
---------------+----------------------------+-----
Alchemy        | 4 5 6 8 |  8.0
Spellcasting   | 3 4 6 8 |  8.6
Fire Magic     | 1 3 4 |  4.0
Fighting       | 3 4 |  4.0
Ice Magic      | 2 |  2.3
Dodging        | |  2.0
Stealth        | |  2.6
Conjurations   | |  1.0

Action                     |  1- 3 |  4- 6 |  7- 9 || total
---------------------------+-------+-------+-------++-------
  Melee: Unarmed           |    15 |       |       ||    15
         Constrict         |    15 |    11 |    13 ||    39
         Tentacles         |     7 |    11 |    18 ||    36
         Dagger            |    18 |       |       ||    18
         Short sword       |    28 |    37 |    46 ||   111
         Punch             |       |     1 |       ||     1
   Cast: Sting             |    23 |    32 |    16 ||    71
         Olgreb's Toxic Ra |       |     6 |    10 ||    16
         Sticky Flame      |       |       |    11 ||    11
    Use: Scroll            |       |       |     2 ||     2
   Stab: Sleeping          |     6 |     1 |       ||     7
 Armour: Skin              |    28 |    24 |    45 ||    97
  Dodge: Dodged            |    43 |    40 |    70 ||   153

Table legend: (Time is in decaauts)
 A = Elapsed time spent in this place.
 B = Non-inter-level travel time spent in this place.
 C = Inter-level travel time spent in this place.
 D = Time resting spent in this place.
 E = Time spent auto-exploring this place.
 F = Levels seen in this place.
 G = Mean time per level.
                   A        B        C        D        E       F      G
               +--------+--------+--------+--------+--------+-----+--------+
         Total |   2095 |   1976 |    119 |     58 |    700 |   8 |  261.9 |
       Dungeon |   2095 |   1976 |    119 |     58 |    700 |   8 |  261.9 |
               +--------+--------+--------+--------+--------+-----+--------+

Top non-repeatable levels by time:
     D:4: 530 daAuts
     D:5: 398 daAuts
     D:6: 382 daAuts
     D:7: 253 daAuts
     D:2: 180 daAuts
     D:1: 160 daAuts
     D:3: 159 daAuts
     D:8: 29 daAuts
